 Dungeon Crawl Stone Soup version 0.21-a0-55-gb612c23 (webtiles) character file.

609 HAL9000 the Cudgeler (level 7, -3/70 HPs)
             Began as an Ogre Hunter on June 15, 2017.
             Was an Initiate of Makhleb.
             Slain by a sky beast (6 damage)
             ... on level 4 of the Dungeon.
             The game lasted 00:14:05 (6996 turns).

HAL9000 the Cudgeler (Ogre Hunter)                  Turns: 6996, Time: 00:14:06

Health: -3/70      AC:  3    Str: 24    XL:     7   Next: 43%
Magic:  7/7        EV: 10    Int: 12    God:    Makhleb [......]
Gold:   239        SH:  0    Dex:  9    Spells: 6/6 levels left

rFire    + . .     SeeInvis .   n - +0 whip
rCold    x . .     Gourm    .   (no shield)
rNeg     . . .     Faith    .   b - +0 robe
rPois    .         Spirit   .   (helmet restricted)
rElec    .         Reflect  .   y - scarf {repulsion}
rCorr    .         Harm     .   (gloves unavailable)
MR       .....                  (boots unavailable)
Stlth    +.........             (no amulet)
HPRegen  0.21/turn              B - ring of fire
MPRegen  0.10/turn              C - +5 ring of strength

@: repel missiles
A: unfitting armour, tough skin 1
a: Renounce Religion


You were on level 4 of the Dungeon.
You worshipped Makhleb.
Makhleb was noncommittal.
You were hungry.

You visited 1 branch of the dungeon, and saw 5 of its levels.

You collected 239 gold pieces.

Inventory:

Hand Weapons
 n - a +0 whip (weapon)
Missiles
 c - 9 large rocks (quivered)
 d - 2 throwing nets
 K - 5 curare-tipped needles
Armour
 b - a +0 robe (worn)
 q - a scarf of repulsion
 y - a scarf of repulsion (worn)
Jewellery
 l - a +3 ring of intelligence
 w - an uncursed ring of magical power
 B - a ring of fire (left hand)
 C - a +5 ring of strength (right hand)
Wands
 L - a wand of disintegration (17/24)
Scrolls
 g - 3 scrolls of teleportation
 h - 3 scrolls of recharging {unknown}
 i - 4 scrolls of identify {unknown}
 k - 2 scrolls of blinking {unknown}
 m - a scroll of fog {unknown}
 o - a scroll of immolation {unknown}
 r - a scroll of magic mapping {unknown}
 t - 3 scrolls of remove curse {unknown}
 u - a scroll of enchant armour {unknown}
 A - 3 scrolls of enchant weapon {unknown}
 H - 3 scrolls of amnesia {unknown}
Potions
 x - a potion of flight {unknown}
 E - a potion of magic {unknown}
 F - a potion of lignification {unknown}
 G - a potion of mutation {unknown}
 I - a potion of brilliance {unknown}
Comestibles
 f - 3 bread rations
 s - 2 meat rations


   Skills:
 - Level 4.0 Fighting
 + Level 6.6 Maces & Flails
 - Level 4.0 Throwing
 - Level 1.7 Dodging
 - Level 0.6 Stealth


You had 6 spell levels left.
You didn't know any spells.

Dungeon Overview and Level Annotations

Branches:
Dungeon (5/15)
 Temple: D:4-7

Altars:
Makhleb
Yredelemnul

Annotations:
D:5 Blork the orc


Innate Abilities, Weirdness & Mutations

You are too large for most types of armour.
You have tough skin. (AC +1)


Message History

You hit the sky beast.
The sky beast is heavily wounded.
The sky beast flickers out of sight!
Deactivating autopickup; reactivate with Ctrl-A.
Something hits you. Something shocks you.
* * * LOW HITPOINT WARNING * * *
You closely miss something. You barely miss something. Something hits you.
* * * LOW HITPOINT WARNING * * *
Something shocks you.
* * * LOW HITPOINT WARNING * * *
You completely miss something. Something hits you.
* * * LOW HITPOINT WARNING * * *
Something shocks you.
* * * LOW HITPOINT WARNING * * *
Okay, then.
You miss something. Something hits you.
* * * LOW HITPOINT WARNING * * *
Something shocks you.
You die...

## #.# ### #.####.# .# #.. ..#
#.####.#
.######.#####.#####.#....#
o#....#.#.....##....#...#####
.##.#O#.#.....##.####.........
.##.#.#.#.....##.# #....###.#
.##o#.[.......##.# #....###.#
....#.......#.##<# #........#
###.#.#.###.#.##@# #....##..#
....#.#.....#.##{# #<...# .#
#...#.#######.##.# #...##
#####.# #.##.# #...... #..
#.##.# #..##..# ### #.##.#
#... ..# #.##.# ##.## .#
#.##.# #.# .# #.##.# #..


There were no monsters in sight!

Vanquished Creatures
  An orc warrior (D:4)
  A phantom (D:4)
  An ogre (D:5)
  A bullfrog zombie (D:5)
  A jelly (D:3)
  2 worker ants
  Robin (D:3)
  4 gnolls
  8 adders
  2 oozes
  2 dart slugs
  5 leopard geckos
  4 orcs
  7 bats
  5 giant cockroaches
  18 goblins
  9 hobgoblins
  7 jackals
  10 kobolds
  A quokka (D:4)
  4 ball pythons
  5 frilled lizards
  6 rats
105 creatures vanquished.

Notes
Turn   | Place    | Note
-------+----------+-------------------------------------------
     0 | D:1      | HAL9000 the Ogre Hunter began the quest for the Orb.
     0 | D:1      | Reached XP level 1. HP: 22/22 MP: 1/1
   263 | D:1      | Reached XP level 2. HP: 23/31 MP: 2/2
   537 | D:1      | HP: 1/32 [kobold/short sword (3)]
  1064 | D:1      | Reached skill level 1 in Maces & Flails
  1207 | D:1      | Reached XP level 3. HP: 20/39 MP: 3/3
  1714 | D:1      | Reached skill level 2 in Maces & Flails
  2146 | D:2      | Reached XP level 4. HP: 45/48 MP: 4/4
  2551 | D:2      | Reached skill level 3 in Maces & Flails
  2728 | D:2      | Reached XP level 5. HP: 18/54 MP: 5/5
  3654 | D:3      | Reached skill level 4 in Maces & Flails
  4084 | D:3      | Found a burning altar of Makhleb.
  4127 | D:3      | Became a worshipper of Makhleb the Destroyer
  4164 | D:3      | Noticed Robin
  4443 | D:4      | Reached XP level 6. HP: 32/62 MP: 6/6
  5204 | D:3      | Killed Robin
  5709 | D:4      | Reached skill level 5 in Maces & Flails
  5847 | D:4      | Noticed an orc warrior
  6024 | D:4      | Found a basalt altar of Yredelemnul.
  6039 | D:4      | Killed an orc warrior
  6082 | D:4      | Noticed a phantom
  6092 | D:4      | Killed a phantom
  6092 | D:4      | Reached skill level 6 in Maces & Flails
  6092 | D:4      | Reached XP level 7. HP: 69/70 MP: 7/7
  6145 | D:5      | Entered Level 5 of the Dungeon
  6527 | D:5      | HP: 1/70 [ogre/giant club (20)]
  6926 | D:5      | Noticed Blork the orc
  6996 | D:4      | HP: 3/70 [something (3)]
  6996 | D:4      | Slain by a sky beast

Vault maps used:
D:1:      lightli_arrival_lavapool, minmay_unequal
D:2:      minmay_misc_feat_tower
D:3:      nicolae_overflow_crystal_walls, minmay_ruptured, uniq_robin
D:4:      yredelemnul_altar_generic, first_bread
D:5:      uniq_blork_the_orc

Skill      XL: |  1  2  3  4  5  6 |
---------------+-------------------+-----
Fighting       | 3 4 |  4.0
Maces & Flails | 1 2 3 4 6 |  6.6
Throwing       | |  4.0
Dodging        | |  1.7
Stealth        | |  0.6

Action                   |  1- 3 |  4- 6 |  7- 9 || total
-------------------------+-------+-------+-------++-------
Melee: Short sword       |   139 |    57 |       ||   196
       Whip              |       |   263 |    52 ||   315
Throw: Large rock        |       |    17 |     8 ||    25
  Use: Potion            |       |     4 |     1 ||     5
       Scroll            |       |       |     1 ||     1
 Stab: Invisible         |       |     1 |       ||     1
       Sleeping          |       |     2 |       ||     2
       Distracted        |       |     1 |       ||     1
  Eat: Chunk             |     3 |    13 |     3 ||    19
Armor: Robe              |    31 |   110 |    17 ||   158
Dodge: Dodged            |    83 |   191 |    21 ||   295
       Deflected         |       |     4 |       ||     4
